 Dungeon Crawl Stone Soup version 0.15.1-3-g1b33baa (webtiles) character file.

760 CrazyArbalest the Cutter (level 8, -7/54 HPs)
             Began as a Halfling Fighter on Oct 6, 2014.
             Was a Believer of Okawaru.
             Mangled by a gnoll sergeant
             ... wielding a +0 trident
              (9 damage)
             ... on Level 5 of the Dungeon.
             The game lasted 00:28:52 (5155 turns).

CrazyArbalest the Cutter (Halfling Fighter)         Turns: 5155, Time: 00:28:52

HP  -7/54        AC  9     Str 16      XL: 8   Next:  8%
MP   8/8         EV 10     Int  7      God: Okawaru [**....]
Gold 254         SH  6     Dex 16      Spells:  0 memorised,  7 levels left

rFire  + . .     SeeInvis .     a - +2 dagger (speed)
rCold  . . .     Clarity  .     b - +0 scale mail
rNeg   + . .     rCorr    .     F - +0 buckler
rPois  .         rRot     .     l - +0 helmet
rElec  .         Spirit   .     x - +0 cloak
SustAb .         Warding  .     (no gloves)
rMut   .         Stasis   .     (no boots)
Gourm  +                        s - amulet of the gourmand
MR     .....                    r - ring of protection from fire
                                u - ring of positive energy

@: not resistant to hostile enchantments, extremely unstealthy
A: mutation resistance 1
a: Heroism, Renounce Religion


You were on level 5 of the Dungeon.
You worshipped Okawaru.
Okawaru was pleased with you.
You were not hungry.

You visited 1 branch of the dungeon, and saw 5 of its levels.

You collected 254 gold pieces.

Inventory:

Hand weapons
 a - a +2 dagger of speed (weapon)
 c - a +0 cutlass
 n - a +1 short sword of draining
 A - a +0 dagger of draining
Missiles
 h - 159 stones (quivered)
 q - 12 steel sling bullets
 y - 43 sling bullets
Armour
 b - a +0 scale mail (worn)
 l - a +0 helmet (worn)
 x - a +0 cloak (worn)
 D - a +0 shield
 F - a +0 buckler (worn)
Magical devices
 t - a wand of random effects (8) {unknown}
 C - a wand of enslavement (4)
Comestibles
 d - 6 bread rations
 i - 2 meat rations
 j - 7 fruits
Scrolls
 f - 6 scrolls of remove curse {unknown}
 g - 5 scrolls of identify {unknown}
 m - 2 scrolls of fear {unknown}
 o - a scroll of recharging {unknown}
 v - 2 scrolls of magic mapping {unknown}
 w - a scroll of noise {unknown}
 B - 2 scrolls of random uselessness {unknown}
 E - a scroll of amnesia {unknown}
Jewellery
 r - a ring of protection from fire (right hand)
 s - an amulet of the gourmand (around neck)
 u - a ring of positive energy (left hand)
 z - an uncursed ring of see invisible {unknown}
Potions
 e - a potion of might
 k - a potion of poison
 p - a potion of brilliance


   Skills:
 + Level 4.0 Fighting
 * Level 6.3 Short Blades
 + Level 5.4 Armour
 + Level 3.8 Dodging
 + Level 1.2 Stealth
 + Level 4.4 Shields


You had 7 spell levels left.
You didn't know any spells.

Dungeon Overview and Level Annotations

Branches:
Dungeon (5/15)             Temple (0/1) D:4

Altars:
Ashenzari
Nemelex Xobeh
Okawaru
Xom
The Shining One


Innate Abilities, Weirdness & Mutations

You are small and have problems with some larger weapons.
You are somewhat resistant to further mutation.


Message History

The gnoll hits you from afar with a glowing spear.
* * * LOW HITPOINT WARNING * * *
The gnoll sergeant hits you with a trident!
* * * LOW HITPOINT WARNING * * *
You hit the gnoll sergeant but do no damage.
The gnoll sergeant is severely wounded.
You hit the gnoll sergeant but do no damage.
The gnoll sergeant is severely wounded.
The gnoll misses you.
You barely miss the gnoll sergeant.
The gnoll sergeant is severely wounded.
You block the gnoll sergeant's attack.
You hit the gnoll sergeant but do no damage.
The gnoll sergeant is severely wounded.
The gnoll sergeant barely misses you.
You see here a club.
You see here a flail.
There is a stone staircase leading up here.
The gnoll sergeant hits you from afar with a trident!
You die...

#........####..#.# ...#
#..###########.#g##...#...
#>...)........(...........
##.###.....###.###########
#.######...##o#
#.##........).######
#.##.####..O.........
#.##.#...#g#########
#.##.#..@).# #.##.####..#
.##.......# #.......##
#.####### .). ..... #.....
.....


You could see an ogre, a gnoll sergeant and an orc.

Vanquished Creatures
  Prince Ribbit (D:4)
  Edmund (D:4)
  A giant frog zombie (D:5)
  A jelly (D:5)
  A giant frog skeleton (D:4)
  Natasha (twice) (D:3)
  2 orc wizards
  A worker ant (D:3)
  A hound skeleton (D:4)
  7 adders
  6 gnolls
  3 worms
  2 giant geckos
  An ooze (D:1)
  4 orcs (D:4)
  9 giant cockroaches
  6 goblins
  22 hobgoblins
  10 kobolds
  A quokka (D:2)
  2 ball pythons (D:2)
  12 bats
  2 giant newts
  A hobgoblin zombie (D:1)
  A kobold zombie (D:1)
  8 rats
108 creatures vanquished.

Notes
Turn   | Place    | Note
--------------------------------------------------------------
     0 | D:1      | CrazyArbalest, the Halfling Fighter, began the quest for the Orb.
     0 | D:1      | Reached XP level 1. HP: 15/15 MP: 1/1
   116 | D:1      | Reached XP level 2. HP: 16/20 MP: 2/2
   407 | D:1      | Reached XP level 3. HP: 20/25 MP: 3/3
   763 | D:2      | Found an iron altar of Okawaru.
   783 | D:2      | Became a worshipper of Warmaster Okawaru
   907 | D:2      | Found a sparkling altar of Nemelex Xobeh.
  1023 | D:2      | Reached XP level 4. HP: 27/31 MP: 4/4
  1264 | D:2      | Reached skill level 4 in Shields
  2062 | D:3      | Reached skill level 1 in Dodging
  2062 | D:3      | Reached XP level 5. HP: 25/36 MP: 5/5
  2349 | D:3      | Found an iron altar of Okawaru.
  2786 | D:4      | Noticed Natasha
  2806 | D:3      | Killed Natasha
  2811 | D:4      | Reached XP level 6. HP: 19/42 MP: 6/6
  2814 | D:4      | Found a shattered altar of Ashenzari.
  2816 | D:4      | Found a glowing golden altar of the Shining One.
  2836 | D:4      | Noticed Edmund
  2863 | D:3      | Noticed Natasha
  3180 | D:4      | Acquired Okawaru's first power
  3211 | D:4      | Found a staircase to the Ecumenical Temple.
  3272 | D:4      | Found a shimmering altar of Xom.
  3328 | D:4      | Noticed Prince Ribbit
  3385 | D:3      | Reached skill level 5 in Short Blades
  3963 | D:4      | HP: 2/42 [Edmund/runed flail (1)]
  4015 | D:4      | HP: 2/42 [poisoned by an adder]
  4050 | D:4      | Killed Edmund
  4050 | D:4      | Reached XP level 7. HP: 35/46 MP: 7/7
  4131 | D:4      | HP: 1/46 [Prince Ribbit (10)]
  4256 | D:4      | Killed Prince Ribbit
  4256 | D:4      | Reached skill level 6 in Short Blades
  4256 | D:4      | Reached skill level 5 in Armour
  4256 | D:4      | Reached skill level 1 in Stealth
  4481 | D:3      | Killed Natasha
  4856 | D:5      | Entered Level 5 of the Dungeon
  4889 | D:5      | Reached XP level 8. HP: 48/54 MP: 8/8
  5144 | D:5      | HP: 1/54 [gnoll sergeant/trident (8)]
  5155 | D:5      | Mangled by a gnoll sergeant

Action                   |  1- 3 |  4- 6 |  7- 9 || total
-------------------------+-------+-------+-------++-------
Melee: Cutlass           |   123 |   292 |       ||   415
       Dagger            |       |    61 |   164 ||   225
       Short sword       |       |     7 |       ||     7
Evoke: Wand              |       |     1 |       ||     1
  Use: Potion            |       |     9 |       ||     9
 Stab: Invisible         |       |     1 |       ||     1
  Eat: Chunk             |     1 |    17 |       ||    18
